 Dungeon Crawl Stone Soup version 0.30.1-11-g7821555f0a (webtiles) character file.

Game seed: 2618556919294272230

242 Peloso the Covered (level 5, 0/47 HPs)
             Began as a Minotaur Fighter on Dec 15, 2023.
             Killed from afar by a white imp (9 damage)
             ... with a puff of frost
             ... summoned by Eustachio
             ... on level 4 of the Dungeon.
             The game lasted 00:06:20 (3205 turns).

Peloso the Covered (Minotaur Fighter)               Turns: 3205, Time: 00:06:21

Health: 0/47       AC: 12    Str: 21    XL:     5   Next: 81%
Magic:  4/4        EV:  6    Int:  5    God:
Gold:   124        SH:  5    Dex: 11    Spells: 4/4 levels left

rFire   . . .        a - +0 long sword
rCold   . . .        d - +0 buckler
rNeg    . . .        t - +0 plate armour
rPois   .            (helmet restricted)
rElec   .            (no cloak)
rCorr   .            (no gloves)
SInv    .            (no boots)
Will    .....        (no amulet) Stlth
                     (no ring)
HPRegen 0.27/turn    (no ring)
MPRegen 0.09/turn

%: no passive effects
@: no status effects
A: horns 2, retaliatory headbutt
a: no special abilities


You were on level 4 of the Dungeon.
You visited 1 branch of the dungeon, and saw 4 of its levels.

You collected 124 gold pieces.

Inventory:

Hand Weapons
 a - a +0 long sword (weapon)
Armour
 b - a +0 scale mail
 c - a +0 chain mail
 d - a +0 buckler (worn)
 t - a +0 plate armour (worn)
Wands
 e - a wand of mindburst (7)
Scrolls
 g - a scroll of butterflies {unknown}
 h - a scroll of identify {unknown}
 i - a scroll of blinking {unknown}
 k - a scroll of fog {unknown}
 n - 4 scrolls of teleportation
 o - a scroll of brand weapon {unknown}
 p - a scroll of poison {unknown}
 q - 2 scrolls of noise {unknown}
 s - a scroll of amnesia {unknown}
Potions
 f - 3 potions of curing
 j - 3 potions of mutation {unknown}
 l - a potion of brilliance {unknown}
 m - a potion of invisibility {unknown}
 r - a potion of haste


   Skills:
 + Level 4.5 Fighting
 + Level 4.8 Long Blades
 + Level 4.9 Armour
 + Level 1.7 Dodging
 + Level 0.2 Stealth
 + Level 4.4 Shields


You had 4 spell levels left.
You didn't know any spells.
Your spell library contained the following spells:

 Spells                   Type           Power      Damage    Failure   Level
 Animate Dead             Necr           0%         N/A       100%        4
 Haunt                    Necr/Summ      0%         N/A       100%        7
 Infestation              Necr           0%         N/A       100%        8


Dungeon Overview and Level Annotations

Branches:
Dungeon (4/15)
 Temple: D:4-7

Altars:
Fedhas
Vehumet

Annotations:
D:3 exclusion: oklob plant
D:4 Eustachio


Innate Abilities, Weirdness & Mutations

You have a pair of horns on your head.
You reflexively headbutt those who attack you in melee.


Message History

Eustachio the Magnificent comes into view.
He is wielding a +0 rapier.
Eustachio shouts!
You hit the orc priest but do no damage.
The orc priest barely misses you.
You hit the orc priest.
The orc priest is lightly wounded.
The orc priest hits you but does no damage.
Eustachio casts a spell.
The orc priest hits you with a +0 dagger.
You slash the orc priest! You headbutt the orc priest.
The orc priest is severely wounded.
The orc priest invokes the aid of Beogh against you.
Pain shoots through your body!
* * * LOW HITPOINT WARNING * * *
You closely miss the orc priest.
The orc priest is severely wounded.
Eustachio casts a spell.
The orc priest invokes the aid of Beogh against you.
You barely resist.
Unknown command.
You hit the orc priest. Your headbutt misses the orc priest.
The orc priest is almost dead.
The shadow imp disappears in a puff of smoke!
The orc priest hits you but does no damage.
The white imp gestures at you. The puff of frost hits you.
* * * LOW HITPOINT WARNING * * *
You hit the orc priest.
You kill the orc priest!
Unknown command.
You feel better. You block the white imp's attack.
The white imp attacks as you move away! You block the white imp's attack.
The crimson imp attacks as you move away!
The crimson imp hits you.
* * * LOW HITPOINT WARNING * * *
The white imp attacks as you move away!
The white imp hits you but does no damage.
Eustachio mumbles some strange words.
The white imp gestures at you. The puff of frost hits you!
You die...

......(.........
................
.........!......
................
...............#
................
................
.......)<.......
.......@........
........b.......
......5@5.......
.......5.......#
.......).......#
..............!#
...............#
...............
...............


You could see Eustachio, a crimson imp (summoned), a white imp (summoned), a
shadow imp (summoned) and a bat (summoned, wandering).

Vanquished Creatures
  2 orc priests (D:4)
  Jessica (D:3)
  Ijyb (D:3)
  An orc wizard (D:3)
  3 adders (D:3)
  2 worms
  4 dart slugs
  An orc (D:3)
  4 bats
  7 endoplasms
  A giant cockroach (D:1)
  5 goblins
  5 hobgoblins
  4 jackals (D:3)
  4 quokkas
  4 ball pythons
  2 frilled lizards (D:2)
  11 kobolds
  7 rats
69 creatures vanquished.

Notes
Turn   | Place    | Note
-------+----------+-------------------------------------------
     0 | D:1      | Peloso the Minotaur Fighter began the quest for the Orb.
     0 | D:1      | Reached XP level 1. HP: 19/19 MP: 0/0
    88 | D:1      | Reached XP level 2. HP: 27/27 MP: 1/1
   550 | D:1      | Reached XP level 3. HP: 32/33 MP: 2/2
   824 | D:1      | Found a faded altar of an unknown god.
  1668 | D:3      | Found a radiant altar of Vehumet.
  1752 | D:3      | Reached XP level 4. HP: 38/40 MP: 3/3
  1909 | D:3      | Found a blossoming altar of Fedhas.
  1929 | D:3      | Noticed an oklob plant
  2048 | D:3      | Reached skill level 1 in Dodging
  2269 | D:3      | Noticed Ijyb
  2273 | D:3      | Killed Ijyb
  2295 | D:3      | Noticed Jessica
  2298 | D:3      | Killed Jessica
  2299 | D:3      | Reached XP level 5. HP: 47/47 MP: 4/4
  3195 | D:4      | Noticed Eustachio
  3205 | D:4      | Killed from afar by a white imp

Illustrated notes

Levels and vault maps discovered:
D:1:      psy_arrival_terrarium, layout_basic,
          shapermc_ecumenical_altar_mp_highgroup, minmay_tromino_v4_c
D:2:      layout_loops_cross, st_stairs_14
D:3:      minmay_general_purpose_star, layout_loops_ring, tgw_fedhas,
          vehumet_crystals, minmay_misc_feat_cross, uniq_ijyb, uniq_jessica
D:4:      layout_basic, elyvilon_altar_5, minmay_misc_feat_doors,
          kennysheep_boxes, uniq_eustachio

Skill      XL: |  1  2  3  4 |
---------------+-------------+-----
Shields        | 4 |  4.4
Armour         | 4 |  4.9
Fighting       | 4 |  4.5
Long Blades    | 3 4 |  4.8
Dodging        | 1 |  1.7
Stealth        | |  0.2

Action                     |  1- 3 |  4- 6 || total
---------------------------+-------+-------++-------
  Melee: Long sword        |   120 |   215 ||   335
         Headbutt          |    22 |    70 ||    92
    Use: Potion            |     4 |     2 ||     6
         Scroll            |     2 |       ||     2
 Armour: Scale mail        |    21 |       ||    21
         Chain mail        |    66 |    34 ||   100
         Plate armour      |       |    11 ||    11
  Dodge: Dodged            |    51 |    30 ||    81
  Block: Buckler           |    36 |    11 ||    47
